AoeStats
← ThunderboltX

Arena

509668514Analyzed
1v1 RM · 6d ago on Sep 27, 2026· 35m 12s· 2 players
Game mode
Random Map
Map size
Tiny (2 player)
Population
200
Speed
Normal
Resources
Standard
Victory
Conquest
Starting age
Dark Age
Ending age
Imperial Age
RankedLock teamsTeams togetherTeam positionsShared explorationLock speedFull tech treeHidden civsTurbo modeCheats
Victory
Defeat
🇮🇱 Romans · Israel
2236
+24
🇧🇬 Lithuanians · Bulgaria
2421
-24
ThunderboltX
9:48 Feudal Age
11:18 Double-Bit Axe
13:35 Castle Age
11:50 Horse Collar
14:35 Bow Saw
15:08 Fervor
15:18 Sanctity
20:51 Wheelbarrow
22:25 Gold Mining
22:39 Heavy Plow
23:21 Squires
23:23 Scale Mail Armor
23:54 Loom
24:21 Pikeman
27:59 Hand Cart
30:16 Imperial Age
28:07 Fletching
28:29 Town Watch
28:48 Bodkin Arrow
29:02 Stone Mining
32:04 Chemistry
31:06 Padded Archer Armor
31:26 Bracer
32:08 Leather Archer Armor
33:47 Ballistics
JonSlow
10:53 Feudal Age
12:03 Double-Bit Axe
12:21 Horse Collar
14:44 Castle Age
15:02 Light Cavalry
17:57 Bow Saw
22:07 Heavy Plow
22:45 Wheelbarrow
22:43 Gold Mining
23:58 Forging
27:46 Imperial Age
25:30 Devotion
25:49 Loom
26:17 Fletching
27:08 Hand Cart
27:27 Bodkin Arrow
27:18 Town Watch
26:59 Man-at-Arms
27:41 Scale Mail Armor
28:22 Gold Shaft Mining
28:02 Squires
27:57 Long Swordsman
28:56 Padded Archer Armor
29:20 Chain Mail Armor
28:59 Legionary
31:13 Conscription
31:32 Iron Casting
31:15 Stone Mining
32:22 Ballistas
33:26 Blast Furnace
34:19 Chemistry
33:32 Heavy Scorpion
35:06 Ballistics
35:49 Comitatenses
Connection lost

Rejoining the realm…

Still unreachable

The connection could not be restored.

Session expired

The server has moved on; the page needs a fresh start.